 Dungeon Crawl Stone Soup version 0.23.2-33-g5129a83184 (webtiles) character file.

Game seed: 7438689826823388809

299 Folque the Digger (level 6, 0/48 HPs)
             Began as a Draconian Earth Elementalist on July 18, 2019.
             Slain by an ice beast (6 damage)
             ... on level 4 of the Dungeon.
             The game lasted 00:13:07 (3817 turns).

Folque the Digger (Draconian Earth Elementalist)    Turns: 3817, Time: 00:13:10

Health: 0/48       AC:  7    Str: 14    XL:     6   Next: 13%
Magic:  0/11       EV: 12    Int: 17    God:
Gold:   193        SH:  0    Dex: 12    Spells: 1/12 levels left

rFire    . . .     SeeInvis .   w - +3 quarterstaff of Sodit {pain, *Corrode rC+ Str+4}
rCold    + . .     Gourm    .   (shield currently unavailable)
rNeg     . . .     Faith    .   (armour unavailable)
rPois    .         Spirit   .   (helmet restricted)
rElec    .         Reflect  .   (no cloak)
rCorr    .         Harm     .   (no gloves)
MR       .....                  i - +0 pair of boots
Stlth    ++........             (no amulet)
HPRegen  0.16/turn              (no ring)
MPRegen  0.12/turn              (no ring)

@: no status effects
A: unfitting armour, cold-blooded, AC +6
a: no special abilities


You were on level 4 of the Dungeon.
You were very hungry.

You visited 1 branch of the dungeon, and saw 5 of its levels.

You collected 193 gold pieces.

Inventory:

Hand Weapons
 d - a +0 mace
 h - a +1 short sword
 m - a cursed +1 dagger
 w - the +3 quarterstaff of Sodit (weapon) {pain, *Corrode rC+ Str+4}
   (You found it on level 4 of the Dungeon)

   In the hands of one skilled in necromantic magic, it inflicts extra damage on
   living creatures.
   It affects your strength (+4).
   It protects you from cold.
   It may corrode you when you take damage.
Missiles
 b - 149 stones (quivered)
Armour
 i - a +0 pair of boots (worn)
Jewellery
 e - an uncursed ring of ice {unknown}
Wands
 x - a wand of polymorph (8)
Scrolls
 a - a scroll of enchant weapon
 f - 3 scrolls of teleportation
 g - a scroll of fog {unknown}
 j - a scroll of noise {unknown}
 o - a scroll of amnesia {unknown}
 p - 2 scrolls of remove curse
 s - 3 scrolls of immolation
 v - a scroll of enchant armour {unknown}
Potions
 k - 4 potions of curing
 l - a potion of flight {unknown}
 n - 2 potions of agility {unknown}
 r - a potion of degeneration {unknown}
 u - 3 potions of lignification {unknown}
Comestibles
 c - 8 rations


   Skills:
 - Level 2.0 Fighting
 - Level 1.7 Dodging
 - Level 1.7 Stealth
 + Level 3.5 Spellcasting
 + Level 2.8 Conjurations
 - Level 1.0 Transmutations
 * Level 4.7 Earth Magic


You had one spell level left.
You knew the following spells:

 Your Spells              Type           Power        Failure   Level  Hunger
a - Sandblast             Erth           ###...       2%          1    None
b - Passwall              Tmut/Erth      ##......     8%          2    ##.....
c - Stone Arrow           Conj/Erth      ###...       11%         3    ###....
d - Lee's Rapid Deconstr  Erth           ###.......   54%         5    ######.

Your spell library contained the following spells:

 Spells                   Type           Power        Failure   Level  Hunger
 Petrify                  Tmut/Erth      ##......     45%         4    ####...


Dungeon Overview and Level Annotations

Branches:
Dungeon (5/15)
 Temple: D:4-7

Altars:
Ashenzari
Cheibriados
Gozag
Ru
Vehumet
Wu Jian
Zin
The Shining One

Annotations:
D:5 Pikel


Innate Abilities, Weirdness & Mutations

Your plain brown scales are hard. (AC +6)
You cannot fit into any form of body armour.
You are cold-blooded and may be slowed by cold attacks.


Message History

Casting: Stone Arrow (safe; 11% risk of failure)
Confirm with . or Enter, or press ? or * to list all spells.
Aiming: Stone Arrow (safe; 11% risk of failure)
Press: ? - help, Shift-Dir - straight line, f - ice beast
Aim: an ice beast (heavily wounded)
The stone arrow hits the ice beast!
The ice beast is severely wounded.
The ice beast hits you but does no damage.
Casting: Stone Arrow (safe; 11% risk of failure)
Confirm with . or Enter, or press ? or * to list all spells.
Aiming: Sandblast (safe; 2% risk of failure)
Press: ? - help, Shift-Dir - straight line, f/p - ice beast
Aim: an ice beast (severely wounded)
The blast of sand hits the ice beast.
The ice beast is almost dead.
b - 149 stones The ice beast hits you.
* * * LOW HITPOINT WARNING * * *
The ice beast freezes you. You resist.
You die...

.....#.....#............'...#....
<....#.....+............#...'....
.....#..[..#............#...###.#
.....#.....#............#...#....
######.....#............#...#.#.#
....##.....##...........#...#.._.
....#########...##...####.#####.#
....#......##...##...####.###....
....#..........Y@#........#.###.#
....#............#........#......
######...........#........#......
.....#...........#........#......
.....'...........#........#......
.....#.....##....#........#......
.....#.....#######...##...##....#
.....#.....# ############'###
.....#.....# #......


You could see an ice beast.

Vanquished Creatures
  A howler monkey (D:4)
  A hound (D:4)
  An iguana (D:4)
  3 orc wizards (D:4)
  A worker ant (D:4)
  Robin (D:2)
  3 adders (D:3)
  An ooze (D:1)
  2 worms
  2 dart slugs (D:1)
  2 leopard geckos
  4 orcs
  2 bats
  3 giant cockroaches
  15 goblins
  8 hobgoblins
  4 jackals (D:1)
  2 ball pythons (D:1)
  2 frilled lizards (D:1)
  3 kobolds (D:2)
  3 rats
64 creatures vanquished.

Notes
Turn   | Place    | Note
-------+----------+-------------------------------------------
     0 | D:1      | Folque the Draconian Earth Elementalist began the quest for
                  | the Orb.
     0 | D:1      | Reached XP level 1. HP: 14/14 MP: 3/3
    26 | D:1      | Reached skill level 1 in Fighting
    54 | D:1      | Reached XP level 2. HP: 22/23 MP: 5/5
   605 | D:1      | Reached XP level 3. HP: 29/29 MP: 6/6
   609 | D:1      | Learned a level 2 spell: Passwall
   613 | D:1      | Learned a level 3 spell: Stone Arrow
  1125 | D:2      | Noticed Robin
  1191 | D:2      | Killed Robin
  1883 | D:2      | Found a sacrificial altar of Ru.
  2040 | D:3      | Reached skill level 1 in Conjurations
  2040 | D:3      | Reached XP level 4. HP: 36/36 MP: 0/8
  2176 | D:3      | Found an ornate altar of the Wu Jian Council.
  2590 | D:4      | Found a glowing golden altar of the Shining One.
  2612 | D:4      | Found an opulent altar of Gozag.
  2635 | D:4      | Reached XP level 5. HP: 39/41 MP: 0/9
  2676 | D:4      | Reached skill level 4 in Earth Magic
  2980 | D:4      | Got a steaming quarterstaff
  2993 | D:4      | Identified the +3 quarterstaff of Sodit {pain, *Corrode rC+
                  | Str+4} (You found it on level 4 of the Dungeon)
  3578 | D:4      | Reached XP level 6. HP: 48/48 MP: 6/11
  3637 | D:5      | Entered Level 5 of the Dungeon
  3637 | D:5      | Noticed Pikel
  3637 | D:5      | Noticed a slave
  3637 | D:5      | Noticed a slave
  3637 | D:5      | Noticed a slave
  3637 | D:5      | Noticed a slave
  3681 | D:4      | Learned a level 5 spell: Lee's Rapid Deconstruction
  3682 | D:5      | Noticed an ice beast
  3792 | D:5      | Found a shattered altar of Ashenzari.
  3798 | D:5      | Found a radiant altar of Vehumet.
  3800 | D:5      | Found a snail-covered altar of Cheibriados.
  3800 | D:5      | Found a glowing silver altar of Zin.
  3817 | D:4      | Slain by an ice beast

Skill      XL: |  1  2  3  4  5 |
---------------+----------------+-----
Fighting       | 1 2 |  2.0
Conjurations   | 1 2 |  2.8
Spellcasting   | 3 |  3.5
Earth Magic    | 4 |  4.7
Dodging        | |  1.7
Stealth        | |  1.7
Transmutations | |  1.0

Action                   |  1- 3 |  4- 6 || total
-------------------------+-------+-------++-------
Melee: Unarmed           |    10 |       ||    10
       Mace              |   111 |    50 ||   161
       Tailslap          |     8 |    11 ||    19
       Short sword       |       |    24 ||    24
       Quarterstaff      |       |     2 ||     2
 Cast: Sandblast         |    16 |    19 ||    35
       Stone Arrow       |     4 |    16 ||    20
       Passwall          |     1 |       ||     1
  Use: Scroll            |       |     7 ||     7
       Potion            |       |     2 ||     2
 Stab: Distracted        |     2 |       ||     2
       Sleeping          |     3 |     1 ||     4
  Eat: Chunk             |     3 |     8 ||    11
Armor: Skin              |    41 |    30 ||    71
Dodge: Dodged            |    89 |    71 ||   160
